 Dungeon Crawl Stone Soup version 0.22.1-2-g9c5b331 (webtiles) character file.

269 HerrDoktor the Spear-Bearer (level 6, -2/47 HPs)
             Began as a Merfolk Gladiator on Dec 25, 2018.
             Was an Initiate of Okawaru.
             Slain by Pikel
             ... wielding a +2 whip of flaming
              (4 damage)
             ... on level 4 of the Dungeon.
             The game lasted 00:15:21 (3315 turns).

HerrDoktor the Spear-Bearer (Merfolk Gladiator)     Turns: 3315, Time: 00:15:21

Health: -2/47      AC:  5    Str: 15    XL:     6   Next: 22%
Magic:  6/6        EV: 15    Int:  8    God:    Okawaru [......]
Gold:   180        SH:  0    Dex: 16    Spells: 5/5 levels left

rFire    . . .     SeeInvis .   n - +2 spear (venom)
rCold    . . .     Gourm    .   (no shield)
rNeg     . . .     Faith    .   b - +0 leather armour
rPois    .         Spirit   .   c - +0 helmet
rElec    .         Reflect  .   (no cloak)
rCorr    .         Harm     .   (no gloves)
MR       .....                  r - +0 pair of boots
Stlth    +.........             (no amulet)
HPRegen  0.15/turn              (no ring)
MPRegen  0.10/turn              (no ring)

@: about to teleport
A: change form in water, swift swim, stealthy swim
a: Renounce Religion


You were on level 4 of the Dungeon.
You worshipped Okawaru.
Okawaru was noncommittal.
You were hungry.

You visited 1 branch of the dungeon, and saw 4 of its levels.

You collected 180 gold pieces.

Inventory:

Hand Weapons
 a - a +0 trident
 j - a cursed -1 hunting sling
 n - a +2 spear of venom (weapon)
Missiles
 d - 2 throwing nets
 e - 74 stones
 u - 4 tomahawks (quivered)
Armour
 b - a +0 leather armour (worn)
 c - a +0 helmet (worn)
 r - a +0 pair of boots (worn)
 t - a cursed +0 helmet
Jewellery
 q - an uncursed ring of fire {unknown}
Potions
 g - a potion of magic {unknown}
 h - a potion of haste
 i - 2 potions of curing
 k - a potion of might
 l - a potion of degeneration {unknown}
 m - 3 potions of invisibility
 o - a potion of resistance {unknown}
 p - a potion of mutation
Comestibles
 f - 6 rations


   Skills:
 + Level 3.1 Fighting
 + Level 8.5 Polearms
 + Level 2.3 Throwing
 + Level 4.9 Dodging


You had 5 spell levels left.
You didn't know any spells.
Your spell library was empty.

Dungeon Overview and Level Annotations

Branches:
Dungeon (4/15)
 Temple: D:4-7

Altars:
Kikubaaqudgha
Nemelex Xobeh
Okawaru
Qazlal
Xom

Annotations:
D:2 Terence
D:4 Pikel


Message History

The slave hits you but does no damage. The slave hits you.
The slave closely misses you.
You hit Pikel.
Pikel looks as sick as possible!
Pikel is lightly wounded.
The slave hits you but does no damage. Pikel hits you with a whip of flaming.
Pikel burns you.
Your leather armour prevents you from hitting Pikel.
Pikel is lightly wounded.
The slave closely misses you. The slave barely misses you. x3
You barely miss Pikel.
Pikel is lightly wounded.
Pikel hits you with a whip of flaming. Pikel burns you. The slave hits you. x2
* * * LOW HITPOINT WARNING * * *
The slave hits you.
* * * LOW HITPOINT WARNING * * *
The slave hits you.
* * * LOW HITPOINT WARNING * * *
As you read the scroll of teleportation, it crumbles to dust.
You feel strangely unstable. Pikel hits you with a whip of flaming.
You die...

#######.###.##.......##
###.............##
##...###.##.#)..##
#.....##.##.##'##
#........##.##.#
#.....#####.##.#
##...######.##.#
#pp........#...
#.@p#######...>
#....pK...... #...
#.........##.
#.........#
####...#.... #...#####.
#.... #####


You could see Pikel and 4 slaves.

Vanquished Creatures
  2 orc wizards (D:3)
  Robin (D:3)
  4 adders
  5 gnolls
  An ooze (D:3)
  2 worms
  2 dart slugs
  A leopard gecko (D:2)
  5 orcs (D:3)
  4 ball pythons
  2 giant cockroaches
  12 hobgoblins
  15 jackals
  9 kobolds
  A quokka (D:2)
  8 bats
  4 frilled lizards
  15 goblins
  5 rats
98 creatures vanquished.

Notes
Turn   | Place    | Note
-------+----------+-------------------------------------------
     0 | D:1      | HerrDoktor the Merfolk Gladiator began the quest for the
                  | Orb.
     0 | D:1      | Reached XP level 1. HP: 16/16 MP: 1/1
   361 | D:1      | Reached XP level 2. HP: 19/22 MP: 2/2
   679 | D:1      | Reached skill level 5 in Polearms
  1034 | D:2      | Reached XP level 3. HP: 21/28 MP: 3/3
  1266 | D:2      | Reached skill level 6 in Polearms
  1266 | D:2      | Reached XP level 4. HP: 31/34 MP: 4/4
  1351 | D:2      | Noticed Terence
  2181 | D:3      | Reached skill level 7 in Polearms
  2181 | D:3      | Reached XP level 5. HP: 38/39 MP: 5/5
  2323 | D:3      | Noticed Robin
  2361 | D:3      | Killed Robin
  2658 | D:3      | Reached skill level 8 in Polearms
  2682 | D:3      | Reached XP level 6. HP: 26/47 MP: 6/6
  2877 | D:3      | Found a stormy altar of Qazlal.
  2892 | D:3      | Became a worshipper of Qazlal Stormbringer
  2989 | D:3      | Found a sparkling altar of Nemelex Xobeh.
  3089 | D:3      | Found an iron altar of Okawaru.
  3099 | D:3      | Fell from the grace of Qazlal
  3099 | D:3      | Became a worshipper of Warmaster Okawaru
  3113 | D:3      | Found an ancient bone altar of Kikubaaqudgha.
  3153 | D:3      | Found a faded altar of an unknown god.
  3207 | D:3      | Found a shimmering altar of Xom.
  3278 | D:4      | Noticed a slave
  3278 | D:4      | Noticed a slave
  3295 | D:4      | Noticed a slave
  3304 | D:4      | Noticed a slave
  3305 | D:4      | Noticed Pikel
  3314 | D:4      | HP: 2/47 [slave[Pikel] (4)]
  3315 | D:4      | Slain by Pikel

Skill      XL: |  1  2  3  4  5 |
---------------+----------------+-----
Polearms       | 5 6 7 8 |  8.5
Fighting       | 3 |  3.1
Throwing       | |  2.3
Dodging        | |  4.9

Action                   |  1- 3 |  4- 6 || total
-------------------------+-------+-------++-------
Melee: Trident           |   151 |    47 ||   198
       Spear             |       |   152 ||   152
Throw: Throwing net      |     1 |     1 ||     2
       Stone             |     6 |     5 ||    11
       Tomahawk          |       |    11 ||    11
  Use: Scroll            |     6 |     4 ||    10
  Eat: Chunk             |     1 |     6 ||     7
Armor: Leather armour    |    41 |    39 ||    80
Dodge: Dodged            |   118 |    88 ||   206
